 Dungeon Crawl Stone Soup version 0.30.0-5-g1a98f26d00 (webtiles) character file.

Game seed: 7384159050405443770

345 SnakkuSnakku7 the Insei (level 6, -5/43 HPs)
             Began as a Vampire Hedge Wizard on May 12, 2023.
             Slain by a gnoll
             ... wielding a +0 flail
              (9 damage)
             ... on level 5 of the Dungeon.
             The game lasted 00:06:00 (4021 turns).

SnakkuSnakku7 the Insei (Vampire Hedge Wizard)      Turns: 4021, Time: 00:06:00

Health: -5/43      AC:  6    Str: 11    XL:     6   Next: 32%
Magic:  10/10      EV: 12    Int: 17    God:
Gold:   47         SH:  0    Dex: 13    Spells: 10/11 levels left

rFire   + +          .
                       - Unarmed
rCold   + . .        (no shield)
rNeg    . . .        g - +2 robe {rF+}
rPois   .            v - +0 helmet
rElec   .            l - scarf {rC+ rF+}
rCorr   .            e - +0 pair of gloves
SInv    +            (no boots)
Will    .....        (no amulet)
Stlth   ++           (no ring)
HPRegen 0.47/turn    (no ring)
MPRegen 0.12/turn

%: no passive effects
@: healing quickly
A: alive, fangs 3, see invisible, vampiric 2
a: Exsanguinate


You were on level 5 of the Dungeon.
You visited 2 branches of the dungeon, and saw 6 of its levels.

You collected 192 gold pieces.
You spent 145 gold pieces at shops.

Inventory:

Hand Weapons
 a - a +0 dagger
Missiles
 o - 4 poisoned darts (quivered)
Armour
 b - a +0 robe
 c - a +0 hat
 e - a +0 pair of gloves (worn)
 g - a +2 robe of fire resistance (worn)
 l - a scarf of resistance (worn)
 v - a +0 helmet (worn)
Jewellery
 q - a ring of positive energy
Wands
 s - a wand of flame (14)
Scrolls
 i - a scroll of torment
 j - 2 scrolls of poison {unknown}
 k - a scroll of noise {unknown}
 n - a scroll of silence
 p - 3 scrolls of fear {unknown}
 r - 2 scrolls of blinking
 t - a scroll of teleportation
 w - a scroll of fog
Potions
 d - a potion of magic
 f - 2 potions of heal wounds
 h - 2 potions of attraction
 m - a potion of might
 x - 3 potions of curing
 z - 2 potions of brilliance
 A - a potion of invisibility


   Skills:
 - Level 1.1 Fighting
 + Level 3.3 Throwing
 - Level 2.1 Dodging
 - Level 3.0 Stealth
 + Level 4.8 Unarmed Combat
 - Level 3.0 Spellcasting
 - Level 0.6 Conjurations
 - Level 1.0 Summonings
 - Level 0.7 Translocations


You had 10 spell levels left.
You knew the following spells:

 Your Spells              Type           Power      Damage    Failure   Level
a - Magic Dart            Conj           16%        1d3       14%         1

Your spell library contained the following spells:

 Spells                   Type           Power      Damage    Failure   Level
 Beastly Appendage        Tmut           4%         N/A       17%         1
 Slow                     Hex            8%         N/A       17%         1
 Call Imp                 Summ           10%        N/A       17%         2
 Blink                    Tloc           10%        N/A       21%         2
 Searing Ray              Conj           8%         2d4       21%         2
 Cigotuvi's Dreadful Rot  Necr/Pois/Air  4%         N/A       26%         2
 Wereblood                Tmut           2%         N/A       26%         2
 Mephitic Cloud           Conj/Pois/Air  3%         N/A       43%         3
 Spider Form              Tmut/Pois      2%         N/A       45%         3
 Fulminant Prism          Conj/Hex       1%         3d5       83%         4


Dungeon Overview and Level Annotations

Branches:
Dungeon (5/15)             Temple (1/1) D:4

Altars:
Ashenzari
Gozag
Hepliaklqana
Kikubaaqudgha
Makhleb
Nemelex Xobeh
Okawaru
Qazlal
Sif Muna
Trog
Yredelemnul

Shops:
D:3 ?


Innate Abilities, Weirdness & Mutations

Your natural rate of healing is accelerated.
You have razor-sharp teeth.
You have supernaturally acute eyesight. (SInv)
You are afflicted with vampirism and can become a bat while bloodless.


Message History

You feel sick.
You are no longer poisoned.
No target in view!
You see here an adder corpse.
HP restored.
A gnoll comes into view. It is wielding a +0 flail.
A gnoll is nearby!
A gnoll is nearby!
A gnoll comes into view. It is wielding a +0 club.
The gnoll shouts! x2; You hear a shout!
A gnoll comes into view. It is wielding a +0 spear.
The gnoll shouts!
You hit the gnoll but do no damage. You barely miss the gnoll.
The gnoll hits you but does no damage.
You hit the gnoll.
The gnoll is moderately wounded.
The gnoll hits you with a +0 flail!
You barely miss the gnoll. Your bite misses the gnoll.
The gnoll is moderately wounded.
The gnoll misses you.
You hit the gnoll.
The gnoll is severely wounded.
The gnoll hits you with a +0 flail!
The gnoll hits you from afar with a +0 spear.
You hit the gnoll.
The gnoll is almost dead.
The gnoll hits you with a +0 flail! The gnoll hits you but does no damage.
You are too injured to fight recklessly!
You are too injured to fight recklessly!
You are too injured to fight recklessly!
You barely miss the gnoll.
The gnoll is severely wounded.
The gnoll hits you with a +0 flail!
* * * LOW HITPOINT WARNING * * *
The gnoll hits you from afar with a +0 spear!
* * * LOW HITPOINT WARNING * * *
You completely miss the gnoll.
The gnoll is severely wounded.
The gnoll hits you with a +0 flail!
You die...

.........########.#
..................#
.........##########
..##..#..#
.........#
#.###.#.##
#.......# #####.###
#@# #g# #g#
#..g....#
....#.###....
#####... ## ...
#...# ##.##


You could see 3 gnolls.

Vanquished Creatures
  3 howler monkeys
  A gnoll bouda (D:3)
  An iguana (D:4)
  An orc wizard (D:3)
  5 gnolls
  4 adders
  An ufetubus (D:4)
  A worm (D:2)
  2 dart slugs
  6 orcs
  5 ball pythons
  4 endoplasms
  A giant cockroach (D:3)
  6 goblins
  8 hobgoblins
  2 bats
  2 frilled lizards
  9 kobolds
  A rat (D:2)
63 creatures vanquished.

Notes
Turn   | Place    | Note
-------+----------+-------------------------------------------
     0 | D:1      | SnakkuSnakku7 the Vampire Hedge Wizard began the quest for
                  | the Orb.
     0 | D:1      | Reached XP level 1. HP: 13/13 MP: 4/4
   250 | D:1      | Reached skill level 1 in Unarmed Combat
   338 | D:1      | Reached skill level 1 in Fighting
   338 | D:1      | Reached XP level 2. HP: 18/21 MP: 6/6
   416 | D:1      | Found a faded altar of an unknown god.
   977 | D:2      | Found a basalt altar of Yredelemnul.
  1181 | D:2      | Reached skill level 2 in Unarmed Combat
  1196 | D:2      | Gained mutation: You are afflicted with vampirism and can
                  | become a bat while bloodless. [Vampire growth]
  1196 | D:2      | Reached XP level 3. HP: 24/26 MP: 7/7
  1606 | D:3      | Found a bloodstained altar of Trog.
  1611 | D:3      | Reached skill level 1 in Throwing
  1816 | D:3      | Found a shimmering blue altar of Sif Muna.
  1898 | D:3      | Found an iron altar of Okawaru.
  2032 | D:3      | Found Ivigh's Magic Scroll Emporium.
  2039 | D:3      | Bought a scroll of blinking for 75 gold pieces
  2039 | D:3      | Bought a scroll of teleportation for 30 gold pieces
  2064 | D:3      | Found a broken altar of Ashenzari.
  2064 | D:3      | Found an opulent altar of Gozag.
  2502 | D:3      | Reached skill level 3 in Unarmed Combat
  2502 | D:3      | Reached XP level 4. HP: 29/32 MP: 8/8
  2696 | D:3      | Reached XP level 5. HP: 37/37 MP: 9/9
  3093 | D:3      | Bought a scroll of identify for 20 gold pieces
  3093 | D:3      | Bought a scroll of identify for 20 gold pieces
  3280 | D:4      | Reached skill level 4 in Unarmed Combat
  3492 | D:4      | Found a staircase to the Ecumenical Temple.
  3501 | Temple   | Entered the Ecumenical Temple
  3730 | D:5      | Entered Level 5 of the Dungeon
  3772 | D:5      | Reached XP level 6. HP: 43/43 MP: 10/10
  4021 | D:5      | Slain by a gnoll

Illustrated notes

Levels and vault maps discovered:
D:1:      minmay_arrival_four_circles, layout_basic,
          ebering_ecumenical_altar_rust
D:2:      layout_basic, basic_altar
D:3:      layout_loops_corners, mainiacjoe_overflow_small_starburst,
          nicolae_sif_muna_little_library, okawaru_altar_gauntlet_db,
          nicolae_overflow_hidden_temple, serial_shops, shop
D:4:      layout_rooms, minmay_temple_entry_nine_rooms
D:5:      layout_loops_corners, serial_shops, nicolae_lakefront_shop
Temple:   hellmonk_temple_beads

Skill      XL: |  1  2  3  4  5 |
---------------+----------------+-----
Unarmed Combat | 1 2 3 4 |  4.8
Fighting       | 1 |  1.1
Throwing       | 1 2 3 |  3.3
Dodging        | |  2.1
Stealth        | |  3.0
Spellcasting   | |  3.0
Conjurations   | |  0.6
Summonings     | |  1.0
Translocations | |  0.7

Action                     |  1- 3 |  4- 6 || total
---------------------------+-------+-------++-------
  Melee: Dagger            |    80 |       ||    80
         Bite              |    16 |    15 ||    31
         Punch             |     3 |     2 ||     5
         Unarmed           |    86 |   145 ||   231
  Throw: Dart              |     8 |     9 ||    17
  Evoke: Wand              |     4 |       ||     4
    Use: Scroll            |       |    14 ||    14
   Stab: Sleeping          |     9 |     1 ||    10
 Armour: Robe              |    50 |    39 ||    89
  Dodge: Dodged            |    98 |   104 ||   202
